Map: Terrasses de Prion

Players

zidar - Winner!

  • Race: Zerg Zerg
  • League: Silver
  • Spawn Location: 11:00

Pwog

  • Race: Protoss Protoss
  • League: Bronze
  • Spawn Location: 5:00

VOD

Have the link to the VOD?

Description

Time

  • Played on: Jan. 11, 2016, 1:29 p.m.
  • Length: 23:53
Show
View Real Time Build Order
Export as new Build Order

zidar Zerg - Winner!

Build Orders: Pool First 

Get SALT Encoding   

  12  0:02  Drone  
  13  0:13  Overlord  
  13  0:17  Drone  
  14  0:31  Drone x2  
  14  0:35  Drone  
  17  0:48  Spawning Pool  
  16  0:50  Drone  
  17  1:15  Drone  
  18  1:19  Extractor  
  18  1:21  Hatchery, Drone  
  17  1:41  Queen  
  17  1:45  Overlord  
  19  1:47  Drone  
  20  2:00  Drone x2  
  22  2:12  Drone  
  23  2:17  Queen  
  24  2:44  Drone x5  
  29  2:51  Metabolic Boost  
  29  2:56  Roach Warren  
  28  3:12  Drone x6  
  34  3:16  Overlord  
  34  3:26  Spore Crawler  
  33  3:33  Queen x2  
  37  3:45  Roach  
  39  3:49  Zergling x4  
  39  3:50  Zergling x6  
  39  3:55  Spore Crawler  
  43  4:18  Extractor  
  43  4:21  Zergling x4  
  44  4:26  Overlord  
  44  4:27  Overlord x2  
  44  4:59  Zergling x10  
  53  5:00  Zergling x10  
  54  5:15  Lair  
  46  6:05  Drone x6  
  52  6:16  Spore Crawler  
  51  6:18  Spore Crawler  
  51  6:22  Hydralisk Den  
  47  6:52  Evolution Chamber  
  46  6:59  Muscular Augments  
  46  7:00  Evolution Chamber  
  45  7:01  Hydralisk  
  45  7:02  Hydralisk x6  
  59  7:20  Extractor  
  58  7:24  Hatchery  
  58  7:26  Extractor  
  56  7:37  Hydralisk  
  56  7:42  Overlord x3  
  58  7:58  Drone  
  58  8:01  Drone  
  58  8:02  Drone x3  
  58  8:03  Drone  
  64  8:14  Hydralisk x5  
  64  8:15  Hydralisk x4  
  82  8:20  Overlord  
  82  8:21  Overlord x4  
  82  8:25  Zerg Missile Weapons Level 1  
  82  8:49  Roach x3  
  82  8:50  Roach x4  
  96  9:02  Drone x4  
  100  9:10  Lurker Den  
  100  9:16  Roach x2  
  66  10:15  Hydralisk  
  66  10:16  Hydralisk x14  
  66  10:17  Hydralisk  
  91  10:34  Hydralisk  
  91  10:35  Hydralisk x3  
  87  10:58  Hydralisk x6  
  81  11:38  Hydralisk x9  
  81  11:39  Hydralisk  
  99  11:56  Zerg Missile Weapons Level 2  
  99  12:01  Hydralisk  
  99  12:02  Hydralisk x2  
  98  12:39  Roach x10  
  98  12:40  Roach x2  
  119  13:11  Roach  
  119  13:12  Roach x4  
  129  13:27  Spawning Pool  
  119  14:13  Hydralisk  
  119  14:14  Hydralisk x4  
  119  16:03  Lair  
  119  16:21  Hydralisk  
  119  16:22  Hydralisk  
  123  16:26  Overlord x2  
  123  16:27  Overlord x3  
  123  16:28  Overlord  
  123  16:54  Hydralisk  
  123  16:55  Hydralisk x14  
  142  17:38  Hydralisk x3  
  143  18:17  Roach  
  143  18:18  Roach x12  
  165  19:47  Roach x3  
  171  20:13  Hatchery  
  168  20:22  Hatchery  
  167  22:48  Overlord x3  
Show
View Real Time Build Order
Export as new Build Order

Pwog Protoss 

Build Orders:  

Get SALT Encoding   

  12  0:01  Probe (Chrono Boost)  
  13  0:15  Pylon  
  13  0:18  Probe (Chrono Boost)  
  14  0:35  Probe (Chrono Boost)  
  15  0:36  Gateway  
  15  0:45  Probe (Chrono Boost)  
  16  0:55  Assimilator  
  16  0:56  Probe (Chrono Boost)  
  17  1:06  Probe (Chrono Boost)  
  17  1:10  Pylon  
  18  1:17  Probe (Chrono Boost)  
  19  1:25  Cybernetics Core, Zealot  
  21  1:43  Probe (Chrono Boost)  
  22  1:48  Assimilator  
  22  1:52  Zealot  
  25  1:54  Probe (Chrono Boost)  
  25  2:04  Probe (Chrono Boost)  
  26  2:15  Probe (Chrono Boost)  
  27  2:19  Zealot  
  29  2:31  Stargate  
  29  2:33  Nexus  
  29  2:50  Zealot  
  31  3:13  Assimilator  
  31  3:17  Assimilator  
  31  3:44  Void Ray  
  31  3:45  Mothership Core (Chrono Boost)  
  31  3:47  Pylon  
  37  3:51  Probe (Chrono Boost)  
  37  3:52  Pylon  
  38  4:02  Probe (Chrono Boost)  
  39  4:03  Probe (Chrono Boost)  
  40  4:12  Probe (Chrono Boost)  
  40  4:14  Probe (Chrono Boost)  
  42  4:23  Probe (Chrono Boost)  
  43  4:24  Probe (Chrono Boost)  
  43  4:27  Void Ray  
  48  4:33  Probe (Chrono Boost)  
  48  4:35  Probe (Chrono Boost)  
  48  4:36  Pylon  
  50  4:39  Pylon  
  50  4:42  Pylon  
  50  4:44  Probe (Chrono Boost)  
  51  4:54  Probe (Chrono Boost)  
  51  4:58  Probe (Chrono Boost)  
  53  5:05  Probe (Chrono Boost)  
  54  5:10  Void Ray  
  54  5:13  Nexus  
  58  5:15  Probe (Chrono Boost)  
  59  5:26  Probe (Chrono Boost)  
  60  5:35  Pylon  
  60  5:36  Probe (Chrono Boost), Pylon  
  60  5:42  Stargate  
  61  5:47  Probe (Chrono Boost)  
  62  5:58  Probe (Chrono Boost)  
  63  6:11  Protoss Air Armor Level 1 (Chrono Boost)  
  63  6:14  Probe  
  64  6:24  Stargate, Probe  
  65  6:35  Probe  
  65  6:37  Probe  
  67  6:45  Probe  
  67  6:48  Probe  
  67  6:53  Fleet Beacon  
  69  6:58  Probe  
  70  7:02  Assimilator  
  70  7:09  Probe  
  71  7:18  Gateway  
  71  7:19  Probe  
  71  7:22  Gateway  
  72  7:30  Probe  
  72  7:35  Void Ray  
  72  7:36  Void Ray x2  
  85  7:40  Probe  
  86  7:51  Probe  
  86  7:53  Protoss Air Weapons Level 1 (Chrono Boost)  
  87  8:02  Probe  
  88  8:12  Probe  
  88  8:18  Tempest  
  88  8:19  Tempest x2  
  101  8:20  Pylon  
  101  8:22  Pylon x3  
  101  8:23  Probe  
  101  8:27  Pylon  
  102  8:28  Pylon  
  102  8:33  Probe  
  103  8:44  Probe  
  104  8:54  Probe  
  104  9:01  Tempest x2  
  113  9:05  Probe  
  114  9:15  Probe  
  115  9:29  Tempest  
  119  9:32  Nexus, Warp Gate (Chrono Boost)  
  119  9:42  Nexus  
  119  9:44  Tempest x2  
  127  9:52  Nexus  
  117  10:12  Tempest  
  105  10:20  Assimilator  
  105  10:27  Tempest x2  
  101  10:54  Tempest  
  101  11:04  Probe  
  93  11:06  Probe  
  93  11:08  Probe  
  93  11:10  Tempest x2  
  100  11:12  Protoss Air Armor Level 2 (Chrono Boost)  
  100  11:14  Probe  
  100  11:16  Probe  
  102  11:19  Probe  
  102  11:25  Probe  
  99  11:27  Probe  
  99  11:29  Probe  
  98  11:35  Probe  
  98  11:37  Probe  
  100  11:40  Probe  
  100  11:46  Probe  
  97  11:48  Probe  
  97  11:50  Probe  
  97  11:53  Void Ray x3  
  108  11:56  Probe  
  109  12:03  Assimilator  
  109  12:04  Assimilator  
  109  12:06  Assimilator  
  109  12:07  Probe  
  109  12:10  Assimilator  
  109  12:12  Assimilator  
  110  12:16  Assimilator  
  110  12:17  Probe  
  111  12:26  Nexus  
  111  12:28  Probe  
  104  12:36  Void Ray x2  
  108  12:38  Nexus  
  108  12:40  Probe  
  108  12:42  Void Ray  
  105  13:02  Probe  
  105  13:03  Probe, Pylon  
  99  13:11  Zealot  
  99  13:12  Probe  
  92  13:14  Probe, Zealot  
  92  13:15  Zealot  
  92  13:19  Void Ray x2  
  99  13:23  Probe  
  99  13:24  Probe  
  99  13:25  Void Ray  
  105  13:33  Probe  
  101  13:35  Probe  
  95  13:44  Probe  
  95  13:46  Probe  
  90  14:01  Void Ray  
  90  14:07  Gateway  
  90  14:09  Gateway x2  
  94  14:11  Gateway  
  94  14:15  Gateway  
  89  14:17  Gateway  
  71  14:28  Probe  
  68  14:32  Probe  
  68  14:35  Probe  
  70  14:39  Probe  
  70  14:42  Probe x2  
  75  14:45  Probe  
  75  14:49  Probe  
  62  14:53  Probe x2  
  62  14:56  Probe  
  57  15:00  Probe  
  57  15:03  Probe x2  
  57  15:10  Probe  
  57  15:14  Probe x2  
  66  15:25  Probe  
  49  16:18  Probe  
  49  16:20  Probe  
  49  16:21  Pylon  
  51  16:28  Probe  
  51  16:30  Probe x2  
  51  16:32  Probe  
  48  16:39  Probe  
  49  16:40  Probe  
  49  16:41  Probe  
  49  16:43  Probe  
  53  16:51  Probe  
  53  16:53  Probe, Zealot  
  53  16:54  Zealot x3  
  53  16:55  Zealot x2  
  59  17:01  Probe  
  59  17:04  Probe  
  61  17:14  Probe  
  61  17:15  Probe  
  61  17:20  Zealot x3  
  61  17:21  Zealot  
  61  17:22  Zealot  
  59  17:27  Pylon  
  54  17:30  Pylon  
  54  17:31  Pylon  
  54  17:33  Pylon  
  54  17:34  Pylon  
  54  17:36  Pylon  
  54  17:50  Zealot x2  
  54  17:51  Zealot x2  
  48  17:52  Zealot x2  
  48  18:07  Probe  
  49  18:18  Probe  
  50  18:28  Probe  
  47  18:39  Probe  
  44  18:49  Probe  
  44  18:55  Pylon  
  39  18:56  Pylon  
  39  18:59  Probe  
  40  19:09  Probe  
  41  19:20  Zealot x3  
  41  19:21  Zealot x2  
  23  20:44  Pylon  
  23  20:59  Nexus  
  22  21:12  Probe  
  22  21:17  Nexus  
  23  21:21  Gateway  
  23  21:23  Nexus  
  23  21:29  Nexus  
  23  21:37  Probe  
  23  21:40  Nexus  
  23  21:52  Probe  
  23  22:05  Probe  
  23  22:15  Probe, Pylon  
  22  22:20  Pylon  
  22  22:21  Pylon  
  22  22:22  Pylon x3  
  22  22:28  Probe  
  22  22:31  Forge  
  22  22:39  Probe x2  
  24  22:46  Probe  
  24  22:49  Probe  
  24  22:50  Probe  
  28  23:00  Probe x2  
  28  23:04  Photon Cannon  
  27  23:06  Photon Cannon  
  27  23:07  Photon Cannon  
  27  23:08  Photon Cannon  
  27  23:09  Photon Cannon  
  27  23:10  Probe  
  27  23:11  Probe  
  27  23:12  Photon Cannon x3  
  29  23:13  Photon Cannon  
  29  23:14  Photon Cannon  
  29  23:15  Photon Cannon  
  29  23:16  Photon Cannon  
  29  23:17  Photon Cannon x2  
  29  23:19  Photon Cannon  
  29  23:21  Probe, Photon Cannon  
  29  23:22  Photon Cannon  
  29  23:23  Photon Cannon x2  
  30  23:27  Pylon  
  30  23:30  Pylon x2  
  30  23:31  Pylon x2  
  30  23:33  Pylon  
Tags
 
Add a new tag
Caveats
  • Supply blocks, unpowered buildings, or Contaminate may cause inaccurate times.
  • Supply counts are checked every 10 seconds.